 Dungeon Crawl Stone Soup version 0.29.1-1-gd02db6906a (webtiles) character file.

Game seed: 14723471711116924581

1693 virigoth the Conjurer (level 8, -4/102 HPs)
             Began as a Yellow Draconian Conjurer on Sept 22, 2022.
             Was a Follower of Sif Muna.
             Slain by a killer bee (7 damage)
             ... on level 6 of the Dungeon on Sept 23, 2022.
             The game lasted 00:20:55 (7464 turns).

virigoth the Conjurer (Yellow Draconian Conjurer)   Turns: 7464, Time: 00:20:56

Health: -4/102     AC:  8    Str:  9    XL:     8   Next: 72%
Magic:  0/15       EV: 13    Int: 18    God:    Sif Muna [*.....]
Gold:   249        SH:  0    Dex: 13    Spells: 10/16 levels left

rFire   . . .      SeeInvis +   f - +2 hand axe (venom)
rCold   . . .      Faith    .   (no shield)
rNeg    . . .      Spirit   +   (body armour unavailable)
rPois   +          Reflect  .   (helmet restricted)
rElec   .          Harm     .   (no cloak)
rCorr   +          Rampage  .   z - +1 pair of gloves
Will    .....                   (no boots)
Stlth   ..........              N - amulet of guardian spirit
HPRegen 0.27/turn               H - ring of poison resistance
MPRegen 0.14/turn               L - ring of see invisible

@: berserking, lethally poisoned (-4 -> -7), hasted, very quick
A: spit acid, AC +6, unfitting armour, cold-blooded, acid resistance
a: Breathe Acid, Renounce Religion, Channel Magic


You were on level 6 of the Dungeon.
You worshipped Sif Muna.
Sif Muna was aware of your devotion.
You visited 2 branches of the dungeon, and saw 7 of its levels.

You collected 249 gold pieces.

Inventory:

Hand Weapons
 f - a +2 hand axe of venom (weapon)
 t - a +1 dagger of flaming
 J - a +3 scythe
Armour
 z - a +1 pair of gloves (worn)
 G - a scarf of shadows
Magical Staves
 F - a staff of cold
Jewellery
 H - a ring of poison resistance (left hand)
 L - a ring of see invisible (right hand)
 N - an amulet of guardian spirit (around neck)
Wands
 B - a wand of charming (10)
Scrolls
 w - a scroll of immolation {unknown}
 D - 2 scrolls of teleportation {unknown}
 I - 3 scrolls of fear {unknown}
 O - a scroll of magic mapping {unknown}
Potions
 a - 2 potions of magic
 v - a potion of haste {!q}
 E - 3 potions of flight
 K - a potion of mutation {unknown}
 M - a potion of degeneration {unknown}


   Skills:
 + Level 5.2 Fighting
 - Level 0.2 Short Blades
 + Level 4.7 Axes
 - Level 4.6 Dodging
 - Level 1.7 Stealth
 - Level 4.8 Spellcasting
 + Level 6.3 Conjurations
 + Level 0.8 Air Magic
 + Level 0.8 Poison Magic


You had 10 spell levels left.
You knew the following spells:

 Your Spells              Type           Power      Damage    Failure   Level
a - Magic Dart            Conj           100%       1d8       1%          1
b - Searing Ray           Conj           54%        2d6       1%          2
c - Poisonous Vapours     Pois/Air       14%        N/A       14%         2
d - Freeze                Ice            16%        1d4       14%         1

Your spell library contained the following spells:

 Spells                   Type           Power      Damage    Failure   Level
 Dazzling Flash           Conj/Hex       30%        N/A       11%         3
 Apportation              Tloc           8%         N/A       14%         1
 Fulminant Prism          Conj/Hex       7%         3d7       36%         4
 Hailstorm                Conj/Ice       15%        3d5       36%         4
 Iskenderun's Mystic Bla  Conj/Tloc      15%        2d5       36%         4
 Frozen Ramparts          Ice            8%         1d2       38%         3
 Corpse Rot               Necr/Pois/Air  6%         N/A       73%         4
 Alistair's Intoxication  Tmut/Pois      3%         N/A       97%         5
 Lee's Rapid Deconstruct  Erth           2%         3d5*      98%         5


Dungeon Overview and Level Annotations

Branches:
Dungeon (6/15)             Temple (1/1) D:4

Altars:
Ashenzari
Cheibriados
Dithmenos
Gozag
Hepliaklqana
Kikubaaqudgha
Makhleb
Nemelex Xobeh
Okawaru
Qazlal
Ru
Sif Muna
Trog
Uskayaw
Vehumet
Xom
The Shining One

Annotations:
D:4 Eustachio


Innate Abilities, Weirdness & Mutations

You can spit globs of acid.
Your golden yellow scales are hard. (AC +6)
You cannot fit into any form of body armour.
You are cold-blooded and may be slowed by cold attacks.
You are resistant to acid. (rCorr)


Message History

The killer bee closely misses you. The killer bee stings you.
* * * LOW HITPOINT WARNING * * *
You are lethally poisoned!
The killer bee poisons you!
* * * LOW HITPOINT WARNING * * *
You feel sick.
* * * LOW HITPOINT WARNING * * *
You feel sick.
* * * LOW HITPOINT WARNING * * *
You feel sick.
It was a potion of berserk rage.
A red film seems to cover your vision as you go berserk!
You feel yourself moving faster!
You feel mighty!
* * * LOW HITPOINT WARNING * * *
You feel sick.
You miss the killer bee.
* * * LOW HITPOINT WARNING * * *
You feel sick.
You barely miss the killer bee. x2
* * * LOW HITPOINT WARNING * * *
You feel sick.
The killer bee stings you but does no damage.
You are too injured to fight recklessly!
You are too injured to fight recklessly!
You are too injured to fight recklessly!
You are too injured to fight recklessly!
You slash the killer bee!
You kill the killer bee!
Sif Muna accepts your kill.
You hit the killer bee.
The killer bee is poisoned.
You slash the killer bee!
The killer bee is poisoned.
You slash the killer bee!
The killer bee is poisoned.
* * * LOW HITPOINT WARNING * * *
You feel sick. The killer bee barely misses you.
The killer bee closely misses you.
The killer bee stings you but does no damage.
The killer bee barely misses you. The killer bee stings you!
* * * LOW MAGIC WARNING * * *
You die...

#...#....####..## ##..#
##..#####.......# ##†.#
#..## ###.....## #..#
#..# ##.....## #†.#
#..# #......## #..#
##.## ##.......# ..#
#..# #.....##..# .(#
#..# ##....## #.# .#
##..## ###...yd## .#
#....####......y.y# #
#.........#####.......#
..##....### ##.....##
#####..## #....## #..##
#..### ##..## ..##
##..## .## ##..## ##.#


You could see 3 killer bees.

Vanquished Creatures
  Grinder (D:4)
  Sigmund (D:5)
  An ogre (D:4)
  2 phantoms
  A bullfrog (D:6)
  A scorpion (D:5)
  3 killer bees (D:6)
  2 howler monkeys (D:4)
  A gnoll bouda (D:5)
  3 hounds
  5 jellies
  2 orc priests (D:5)
  6 iguanas
  Ijyb (D:4)
  An orc wizard (D:4)
  7 gnolls (D:3)
  5 adders
  A white imp (D:5)
  2 worms
  A dart slug (D:4)
  12 orcs
  3 bats
  4 endoplasms
  2 giant cockroaches (D:2)
  7 goblins
  3 hobgoblins (D:1)
  2 jackals (D:2)
  3 quokkas
  3 ball pythons (D:2)
  4 frilled lizards
  9 kobolds
  3 rats
102 creatures vanquished.

Vanquished Creatures (others)
  A fungus (D:1)
1 creature vanquished.

Grand Total: 103 creatures vanquished

Notes
Turn   | Place    | Note
-------+----------+-------------------------------------------
     0 | D:1      | virigoth the Draconian Conjurer began the quest for the
                  | Orb.
     0 | D:1      | Reached XP level 1. HP: 14/14 MP: 3/3
   381 | D:2      | Reached XP level 2. HP: 22/22 MP: 5/5
   411 | D:1      | Found a faded altar of an unknown god.
   895 | D:2      | Reached skill level 1 in Fighting
  1182 | D:2      | Reached XP level 3. HP: 14/28 MP: 6/6
  1565 | D:2      | Reached skill level 1 in Axes
  2391 | D:3      | Reached XP level 4. HP: 35/35 MP: 3/7
  3389 | D:4      | Noticed Ijyb
  3398 | D:4      | Killed Ijyb
  3399 | D:4      | Reached XP level 5. HP: 33/41 MP: 3/9
  3484 | D:5      | Entered Level 5 of the Dungeon
  3490 | D:4      | Noticed an ogre
  3507 | D:4      | Killed an ogre
  3691 | D:4      | Found a staircase to the Ecumenical Temple.
  3771 | Temple   | Entered the Ecumenical Temple
  3915 | Temple   | Became a worshipper of Sif Muna the Loreminder
  3927 | D:4      | Noticed Grinder
  3940 | D:4      | Killed Grinder
  3941 | D:4      | Reached skill level 5 in Conjurations
  3941 | D:4      | Reached XP level 6. HP: 44/51 MP: 3/11
  4203 | D:4      | Noticed Eustachio
  4300 | D:4      | Found a stormy altar of Qazlal.
  4339 | D:4      | Reached XP level 7. HP: 56/57 MP: 6/12
  4339 | D:4      | Gained mutation: You are resistant to acid. (rCorr) [Yellow
                  | Draconian growth]
  4342 | D:4      | Learned a level 2 spell: Searing Ray
  4553 | D:4      | Found a radiant altar of Vehumet.
  5624 | D:6      | Noticed a +0 short sword
  5624 | D:6      | Noticed a +0 falchion
  5624 | D:6      | Noticed a +0 spear
  5624 | D:6      | Noticed a +0 dagger
  5625 | D:6      | Noticed a +0 falchion
  5754 | D:5      | Noticed Sigmund
  5775 | D:5      | Killed Sigmund
  5870 | D:5      | Reached XP level 8. HP: 56/67 MP: 9/14
  6603 | D:5      | Reached * piety under Sif Muna
  6702 | D:5      | Reached skill level 6 in Conjurations
  6999 | D:6      | Reached skill level 5 in Fighting
  7076 | D:6      | Noticed a +0 dagger
  7076 | D:6      | Noticed a +0 short sword
  7076 | D:6      | Noticed a +0 spear
  7080 | D:6      | Found a hide-covered altar of Uskayaw.
  7279 | D:6      | Learned a level 2 spell: Poisonous Vapours
  7281 | D:6      | Learned a level 1 spell: Freeze
  7449 | D:6      | HP: 3/68 [killer bee (4)]
  7457 | D:6      | HP: 5/68 [poisoned by a killer bee]
  7462 | D:6      | HP: 3/102 [poisoned by a killer bee]
  7464 | D:6      | Slain by a killer bee

Illustrated notes

Levels and vault maps discovered:
D:1:      dreamdust_arrival_sigmund_warning, layout_loops_ring,
          chequers_ecumenical_altar_simple_redux, minmay_misc_feat_hallway,
          minmay_misc_feat_plants
D:2:      layout_basic, minivault_5
D:3:      layout_basic
D:4:      layout_rooms, nicolae_qazlal_eye_of_the_storm, fiery_altar_vehumet,
          minmay_temple_entry_mist, minmay_misc_feat_cross, uniq_ijyb,
          uniq_grinder, uniq_eustachio
D:5:      minmay_evil_eye, layout_gridville, uniq_sigmund
D:6:      layout_layer_cave, nicolae_uskayaw_en_pointe
Temple:   nicolae_temple_two_arcs

Skill      XL: |  1  2  3  4  5  6  7  8 |
---------------+-------------------------+-----
Dodging        | 2 3 4 |  4.6
Fighting       | 1 2 3 4 5 |  5.2
Axes           | 1 2 3 4 |  4.7
Spellcasting   | 3 4 |  4.8
Conjurations   | 5 6 |  6.3
Short Blades   | |  0.2
Stealth        | |  1.7
Air Magic      | |  0.8
Poison Magic   | |  0.8

Action                   |  1- 3 |  4- 6 |  7- 9 || total
-------------------------+-------+-------+-------++-------
Melee: Dagger            |    10 |       |       ||    10
       Hand axe          |    59 |    46 |    94 ||   199
       Tailslap          |     7 |     6 |    19 ||    32
       Punch             |     1 |       |     2 ||     3
 Cast: Magic Dart        |    13 |    58 |   112 ||   183
       Searing Ray       |       |       |     3 ||     3
       Freeze            |       |       |     3 ||     3
       Poisonous Vapours |       |       |     1 ||     1
 Abil: Breathe Acid      |       |       |     2 ||     2
  Use: Potion            |       |       |     3 ||     3
       Scroll            |       |       |     2 ||     2
 Stab: Sleeping          |     3 |     1 |       ||     4
Armor: Skin              |    31 |    15 |    43 ||    89
Dodge: Dodged            |    49 |    24 |    93 ||   166
